 Dungeon Crawl Stone Soup version 0.29.1-1-gd02db6906a (webtiles) character file.

Game seed: 9416237231781130093

23 AlexRAT the Trooper (level 2, 0/24 HPs)
             Began as a Demonspawn Monk on Oct 9, 2022.
             Slain by an adder (2 damage)
             ... on level 2 of the Dungeon.
             The game lasted 00:01:07 (1055 turns).

AlexRAT the Trooper (Demonspawn Monk)               Turns: 1055, Time: 00:01:09

Health: 0/24       AC:  2    Str: 11    XL:     2   Next: 75%
Magic:  2/2        EV: 13    Int: 11    God:
Gold:   59         SH:  0    Dex: 15    Spells: 1/1 levels left

rFire   . . .      SeeInvis .   a - +0 mace
rCold   . . .      Faith    .   (no shield)
rNeg    . . .      Spirit   .   b - +0 robe
rPois   .          Reflect  .   (helmet restricted)
rElec   .          Harm     .   (no cloak)
rCorr   .          Rampage  .   (no gloves)
Will    .....                   (no boots)
Stlth   ++........              (no amulet)
HPRegen 0.08/turn               (no ring)
MPRegen 0.08/turn               (no ring)

@: lethally poisoned (0 -> -7)
A: horns 1
a: no special abilities


You were on level 2 of the Dungeon.
You visited 1 branch of the dungeon, and saw 2 of its levels.

You collected 59 gold pieces.

Inventory:

Hand Weapons
 a - a +0 mace (weapon)
Missiles
 f - 2 javelins (quivered)
Armour
 b - a +0 robe (worn)
Scrolls
 e - a scroll of acquirement {unknown}
Potions
 c - a potion of ambrosia
 d - a potion of invisibility {unknown}
 g - a potion of flight {unknown}


   Skills:
 + Level 3.2 Fighting
 + Level 3.0 Maces & Flails
 + Level 3.0 Dodging
 + Level 2.2 Stealth


You had one spell level left.
You didn't know any spells.
Your spell library was empty.

Dungeon Overview and Level Annotations

Branches:
Dungeon (2/15)

Altars:


Innate Abilities, Weirdness & Mutations

You have a pair of small horns on your head.


Message History

The adder bites you.
You are more poisoned.
The adder poisons you!
You barely miss the adder.
You feel very sick. The adder bites you but does no damage.
The adder closely misses you.
You barely miss the adder. You headbutt the adder.
The adder is heavily wounded.
You feel sick. The adder completely misses you.
You closely miss the adder.
The adder is heavily wounded.
You feel sick. The adder bites you. The adder barely misses you.
You are too injured to fight recklessly!
You are too injured to fight recklessly!
You are too injured to fight recklessly!
You are too injured to fight recklessly!
You are too injured to fight recklessly!
You are too injured to fight recklessly!
You are too injured to fight recklessly!
You hit the adder.
The adder is heavily wounded.
You feel sick. The adder misses you.
You barely miss the adder. You headbutt the adder.
The adder is severely wounded.
You feel sick. The adder closely misses you. The adder barely misses you.
You closely miss the adder. Your headbutt misses the adder.
The adder is severely wounded.
You feel sick. The adder barely misses you. x2
You miss the adder.
The adder is severely wounded.
You feel sick.
You are no longer poisoned.
The adder barely misses you.
You closely miss the adder.
The adder is heavily wounded.
The adder bites you.
* * * LOW HITPOINT WARNING * * *
You are lethally poisoned!
The adder poisons you! The adder bites you.
You die...

..#.# #### #.#.# ...#
#.#.#####
###.#####.#.#...
.........#.#.#####
.............>.<..
#.#..#..#.#....#.
##.#.##..#.#....#
#@$.<....#...##...
#..S$.####$##########
#.......# #...
###.##### ##### ...
###


You could see an adder.

Vanquished Creatures
  4 ball pythons (D:1)
  4 bats (D:1)
  2 endoplasms (D:1)
  A quokka (D:1)
  2 frilled lizards (D:1)
  5 goblins (D:1)
  3 rats (D:1)
21 creatures vanquished.

Vanquished Creatures (others)
  A plant (D:2)
1 creature vanquished.

Grand Total: 22 creatures vanquished

Notes
Turn   | Place    | Note
-------+----------+-------------------------------------------
     0 | D:1      | AlexRAT the Demonspawn Monk began the quest for the Orb.
     0 | D:1      | Reached XP level 1. HP: 18/18 MP: 1/1
   248 | D:1      | Gained mutation: You have a pair of small horns on your
                  | head. [demonic ancestry]
   248 | D:1      | Reached XP level 2. HP: 24/24 MP: 2/2
  1055 | D:2      | Slain by an adder

Illustrated notes

Levels and vault maps discovered:
D:1:      minmay_arrival_diagonal_passages, layout_rooms, roderic_lattice_a,
          minmay_misc_feat_plants, nrook_mini_backslash
D:2:      layout_basic, minmay_statues_item, corexii_shack, uniq_sigmund,
          uniq_robin

Skill      XL: |  1  2 |
---------------+-------+-----
Stealth        | 2 |  2.2
Maces & Flails | 3 |  3.0
Dodging        | 3 |  3.0
Fighting       | |  3.2

Action                   || total
-------------------------++-------
Melee: Mace              ||    60
       Headbutt          ||     8
 Stab: Sleeping          ||     4
Armor: Robe              ||    11
Dodge: Dodged            ||    38
